 Dungeon Crawl Stone Soup version 0.28.0-43-g3370ac3207 (webtiles) character file.

Game seed: 5926405604478107309

137 nickcage the Slasher (level 5, -2/41 HPs)
             Began as a Formicid Abyssal Knight on Mar 24, 2022.
             Was a Believer of Lugonu.
             Slain by a gnoll
             ... wielding a +0 antimagic flail
              (4 damage)
             ... on level 2 of the Dungeon.
             The game lasted 00:06:25 (2934 turns).

nickcage the Slasher (Formicid Abyssal Knight)      Turns: 2934, Time: 00:06:25

Health: -2/41      AC:  6    Str: 25    XL:     5   Next: 44%
Magic:  1/6        EV: 10    Int: 10    God:    Lugonu [**....]
Gold:   70         SH:  0    Dex: 11    Spells: 4/4 levels left

rFire   . . .      SeeInvis +   a - +1 falchion
rCold   . . .      Faith    .   (no shield)
rNeg    . . .      Spirit   .   n - +0 scale mail
rPois   .          Reflect  .   (helmet unavailable)
rElec   .          Harm     .   (no cloak)
rCorr   .          Rampage  .   (no gloves)
Will    .....                   (no boots)
Stlth   ..........              (no amulet)
HPRegen 0.13/turn               h - +6 ring of strength
MPRegen 0.10/turn               (no ring)

@: no status effects
A: permanent stasis, dig shafts and tunnels, antennae 3, four strong arms
a: Dig, Shaft Self, Renounce Religion, Depart the Abyss, Bend Space


You were on level 2 of the Dungeon.
You worshipped Lugonu.
Lugonu was pleased with you.
You visited 1 branch of the dungeon, and saw 3 of its levels.
You visited the Abyss 1 time.

You collected 70 gold pieces.

Inventory:

Hand Weapons
 a - a +1 falchion (weapon)
Missiles
 i - 2 curare-tipped darts (quivered)
 l - 2 poisoned darts
Armour
 b - a +0 leather armour
 n - a +0 scale mail (worn)
Jewellery
 h - a +6 ring of strength (left hand)
Potions
 d - a potion of attraction
 j - a potion of cancellation
 m - a potion of magic


   Skills:
 - Level 3.2 Fighting
 + Level 5.2 Long Blades
 + Level 0.2 Throwing
 - Level 2.1 Armour
 - Level 0.8 Dodging
 - Level 2.1 Invocations


You had 4 spell levels left.
You didn't know any spells.
Your spell library was empty.

Dungeon Overview and Level Annotations

Branches:
Dungeon (3/15)

Altars:
Hepliaklqana


Innate Abilities, Weirdness & Mutations

You cannot be hasted, slowed, berserked, paralysed or teleported.
You can dig through walls and to a lower floor.
You have a pair of large antennae on your head. (SInv)
Your four strong arms can wield two-handed weapons with a shield.


Message History

Lugonu accepts your kill. The frilled lizard closely misses you.
The gnoll hits you with a +0 antimagic flail.
You feel your power leaking away.
Your Long Blades skill increases to level 5!
Things that are here:
a +0 club; a gnoll corpse The gnoll hits you but does no damage.
The frilled lizard bites you.
The gnoll hits you with a +0 antimagic flail.
You feel your power leaking away.
The frilled lizard bites you but does no damage.
There is a stone staircase leading up here.
The gnoll barely misses you. The frilled lizard closely misses you.
The sky beast flickers out of sight for a moment.
The gnoll barely misses you.
You climb upwards.
There is a stone staircase leading down here.
You hit the gnoll.
The gnoll is moderately wounded.
The gnoll hits you with a +0 antimagic flail!
You feel your power leaking away.
The frilled lizard unfolds its giant frill.
The frilled lizard bites you.
You closely miss the gnoll.
The gnoll is moderately wounded.
The gnoll hits you with a +0 antimagic flail!
You feel your power leaking away. The frilled lizard bites you.
* * * LOW HITPOINT WARNING * * *
The gnoll closely misses you.
You closely miss the gnoll.
The gnoll is moderately wounded.
The frilled lizard bites you.
* * * LOW HITPOINT WARNING * * *
The gnoll hits you with a +0 antimagic flail.
* * * LOW HITPOINT WARNING * * *
The gnoll hits you with a +0 antimagic flail.
* * * LOW HITPOINT WARNING * * *
The gnoll hits you with a +0 antimagic flail.
You die...

#.......# #.#.####.# ##..
##.....## #.#)..##.# #..#
##.....####.###..#.# ###.##
#.......#)..# ##...# ####...#
#...........# ##..####....###
#........#.#######........##
##<.....##.#.......######.###
##........#...l...# #...#
#...####....@g.>.########.#
#.######..####...))...).#.###
#..###....# ###.######......
#..##..##.### #.# ####...
#..##.###...# #.# ####
##..##.# ###.## #.#
###...##.# #).###.#####
#...#..#.# ##.........###
##.####.#.#
####..###...######


You could see a gnoll (fast) and a frilled lizard.

Vanquished Creatures
  A gnoll shaman (D:3)
  Robin (D:2)
  2 gnolls (D:3)
  An adder (D:2)
  A worm (D:2)
  3 dart slugs
  6 ball pythons
  An endoplasm (D:2)
  2 giant cockroaches
  11 goblins
  9 hobgoblins
  3 quokkas
  3 bats
  3 frilled lizards
  6 kobolds
  8 rats
61 creatures vanquished.

Notes
Turn   | Place    | Note
-------+----------+-------------------------------------------
     0 | Abyss:1  | nickcage the Formicid Abyssal Knight began the quest for
                  | the Orb.
     0 | Abyss:1  | Reached XP level 1. HP: 18/18 MP: 2/2
     0 | D:1      | Escaped the Abyss
   171 | D:1      | Reached * piety under Lugonu
   225 | D:1      | Reached XP level 2. HP: 12/24 MP: 3/3
   634 | D:1      | Reached skill level 3 in Long Blades
   905 | D:1      | Found a faded altar of an unknown god.
  1049 | D:1      | Reached XP level 3. HP: 29/29 MP: 4/4
  1742 | D:2      | Found a hazy altar of Hepliaklqana.
  2149 | D:2      | Reached ** piety under Lugonu
  2174 | D:2      | Noticed Robin
  2194 | D:2      | Killed Robin
  2195 | D:2      | Reached skill level 4 in Long Blades
  2195 | D:2      | Reached XP level 4. HP: 21/35 MP: 5/5
  2922 | D:3      | Reached XP level 5. HP: 38/41 MP: 6/6
  2923 | D:3      | Noticed a sky beast
  2925 | D:3      | Reached skill level 5 in Long Blades
  2932 | D:2      | HP: 2/41 [gnoll/+0 antimagic flail (3)]
  2934 | D:2      | Slain by a gnoll

Illustrated notes

Levels and vault maps discovered:
D:1:      onia_arrival_pyramid, layout_basic,
          shapermc_ecumenical_altar_flowoftime, columned_hall_lemuel,
          minmay_pentomino_r2
D:2:      layout_rooms, basic_altar, uniq_robin
D:3:      layout_rooms, serial_undead, serial_undead_f, serial_undead_c,
          serial_undead_b, serial_undead_b, minmay_randomly_rotated_circles

Skill      XL: |  1  2  3  4  5 |
---------------+----------------+-----
Long Blades    | 3 4 5 |  5.2
Fighting       | |  3.2
Throwing       | |  0.2
Armour         | |  2.1
Dodging        | |  0.8
Invocations    | |  2.1

Action                   |  1- 3 |  4- 6 || total
-------------------------+-------+-------++-------
Melee: Falchion          |   110 |    47 ||   157
       Punch             |       |     2 ||     2
Throw: Dart              |     2 |     3 ||     5
Invok: Depart the Abyss  |     1 |       ||     1
 Abil: Dig               |     3 |       ||     3
  Use: Scroll            |       |     7 ||     7
Armor: Leather armour    |    22 |     6 ||    28
       Scale mail        |       |     8 ||     8
Dodge: Dodged            |    55 |    41 ||    96
